 Dungeon Crawl Stone Soup version 0.28-a0-1039-g7a5fce4 (webtiles) character file.

Game seed: 235336430374771832

6528 Ayyar the Ruffian (level 10, 0/86 HPs)
             Began as a Troll Warper on Dec 8, 2021.
             Was a High Priest of Hepliaklqana.
             Slain by a killer bee (6 damage)
             ... on level 9 of the Dungeon.
             The game lasted 00:36:41 (7222 turns).

Ayyar the Ruffian (Troll Warper)                    Turns: 7222, Time: 00:36:42

Health: 0/86       AC:  8    Str: 31    XL:     10   Next: 69%
Magic:  15/15      EV: 10    Int:  9    God:    Hepliaklqana [*****.]
Gold:   275        SH:  0    Dex:  9    Spells: 9/17 levels left

rFire   + . .      SeeInvis .     - Unarmed
rCold   . . .      Faith    .   (no shield)
rNeg    . . .      Spirit   .   N - +0 acid dragon scales
rPois   .          Reflect  .   (helmet restricted)
rElec   .          Harm     .   (no cloak)
rCorr   +          Rampage  .   (gloves unavailable)
Will    .....                   (boots unavailable)
Stlth   +.........              h - amulet of regeneration
HPRegen 1.84/turn               q - +6 ring of strength
MPRegen 0.14/turn               D - ring of protection from fire

@: brilliant, lethally poisoned (0 -> -3), attractive, hasted, very quick
A: reduced essence, large, unfitting armour, claws 3, regeneration 1, shaggy fur
1, tough skin 1
a: Renounce Religion, Recall Ancestor, Ancestor Identity, Transference, Idealise


You were on level 9 of the Dungeon.
You worshipped Hepliaklqana.
Hepliaklqana was extremely pleased with you.
You visited 2 branches of the dungeon, and saw 10 of its levels.

You collected 482 gold pieces.
You spent 207 gold pieces at shops.

Inventory:

Hand Weapons
 u - a +1 dire flail of holy wrath
Missiles
 a - 6 javelins
 c - 4 boomerangs of dispersal
 j - 40 poisoned darts (quivered)
 I - 5 throwing nets
Armour
 w - a +2 robe of cold resistance
 N - +0 acid dragon scales (worn)
Jewellery
 f - a ring of ice
 h - an amulet of regeneration (around neck)
 q - a +6 ring of strength (left claw)
 D - a ring of protection from fire (right claw)
 E - a +4 ring of evasion
Wands
 F - a wand of iceblast (25)
 G - a wand of mindburst (11)
 K - a wand of digging (6)
 L - a wand of flame (33)
Scrolls
 b - 3 scrolls of blinking
 e - 2 scrolls of noise {unknown}
 i - 4 scrolls of identify {unknown}
 o - 3 scrolls of fog {unknown}
 p - 3 scrolls of fear {unknown}
 r - 2 scrolls of enchant weapon {unknown}
 s - 2 scrolls of enchant armour {unknown}
 t - 2 scrolls of acquirement {unknown}
 x - a scroll of amnesia {unknown}
 y - 3 scrolls of teleportation {unknown}
 B - a scroll of immolation {unknown}
 C - a scroll of magic mapping {unknown}
 H - a scroll of holy word {unknown}
Potions
 d - a potion of attraction
 g - a potion of curing {unknown}
 k - 2 potions of haste
 l - a potion of brilliance
 m - 2 potions of mutation {unknown}
 n - 2 potions of berserk rage {unknown}
 v - a potion of magic {unknown}
 z - 2 potions of heal wounds {unknown}
 A - a potion of resistance {unknown}
 J - a potion of degeneration {unknown}
 M - 2 potions of ambrosia {unknown}


   Skills:
 + Level 5.5 Fighting
 + Level 5.7 Throwing
 + Level 5.5 Dodging
 + Level 6.7 Unarmed Combat
 - Level 4.0 Spellcasting
 + Level 5.3 Translocations
 - Level 4.0 Invocations
 - Level 2.0 Evocations


You had 9 spell levels left.
You knew the following spells:

 Your Spells              Type           Power      Damage    Failure   Level
a - Blink                 Tloc           34%        N/A       5%          2
b - Teleport Other        Tloc           17%        N/A       11%         3
c - Portal Projectile     Hex/Tloc       18%        N/A       32%         3

Your spell library contained the following spells:

 Spells                   Type           Power      Damage    Failure   Level
 Gell's Gravitas          Tloc           17%        N/A       11%         3
 Lesser Beckoning         Tloc           17%        N/A       11%         3
 Sandblast                Erth           4%         2d4       32%         1
 Passage of Golubria      Tloc           17%        N/A       34%         4
 Passwall                 Tmut/Erth      1%         N/A       43%         2
 Sublimation of Blood     Necr           2%         N/A       43%         2
 Wereblood                Tmut           2%         N/A       43%         2
 Call Canine Familiar     Summ           2%         N/A       67%         3
 Conjure Flame            Conj/Fire      2%         6-21      67%         3
 Ignite Poison            Fire/Tmut/Pois 2%         N/A       67%         3
 Stone Arrow              Conj/Erth      4%         3d7       67%         3
 Tukima's Dance           Hex            2%         N/A       67%         3
 Manifold Assault         Tloc           17%        N/A       69%         5
 Leda's Liquefaction      Hex/Erth       1%         N/A       97%         4
 Sticky Flame             Conj/Fire      2%         2d3       97%         4
 Yara's Violent Unravell  Hex/Tmut       1%         3d3       100%        5
 Summon Hydra             Summ           1%         N/A       100%        7


Dungeon Overview and Level Annotations

Branches:
Dungeon (9/15)             Temple (1/1) D:4            Lair (0/6) D:8
    Orc: D:9-12

Altars:
Hepliaklqana
Nemelex Xobeh
Trog
Vehumet
Xom
Yredelemnul

Shops:
D:3 *


Innate Abilities, Weirdness & Mutations

Your life essence is reduced to manifest your ancestor. (-10% HP)
You are too large for most types of armour.
You have claws for hands.
Your natural rate of healing is unusually fast.
You are covered in fur. (AC +1)
You have tough skin. (AC +1)


Message History

Xochipepe drains the killer bee.
The killer bee dies!
Training target 4.0 for Invocations reached!
Your Invocations skill increases to level 4!
Things that are here:
a killer bee corpse; a killer bee corpse You scratch the killer bee.
The killer bee is heavily wounded.
You feel sick.
The killer bee stings you but does no damage.
The killer bee completely misses you.
There are monsters nearby!
You barely miss the killer bee.
The killer bee is heavily wounded.
Xochipepe closely misses the killer bee.
The killer bee stings you.
* * * LOW HITPOINT WARNING * * *
You are more poisoned.
The killer bee poisons you! The killer bee closely misses you.
You claw the killer bee!
You kill the killer bee!
You feel sick.
The killer bee stings you but does no damage.
The killer bee stings you!
* * * LOW HITPOINT WARNING * * *
It was a potion of brilliance.
You feel clever all of a sudden.
You feel sick.
The killer bee stings you but does no damage.
The killer bee stings you!
* * * LOW HITPOINT WARNING * * *
You are more poisoned.
The killer bee poisons you!
Xochipepe misses the killer bee.
The killer bee stings you but does no damage.
It was a potion of attraction.
You feel attractive to monsters.
You feel very sick.
The killer bee stings you but does no damage.
The killer bee stings you.
You die...

.....##.............# ##....
......#..............##.....
... #......................
....##...##......###......#
..........##.....##.....#...
....#.....###....###.......#
...:...................<.###
...#.....yR#............#
....#.....y@# .........##
... ##...##.# .......## yy
#..>#....# ##..###
..........# ##. ....##..####
# ..## ... .. #$.. .#.# ..##


You could see the friendly Xochipepe the hexer and 2 killer bees.

Vanquished Creatures
  Pikel (D:4)
  Psyche (D:8)
  A troll (D:7)
  Prince Ribbit (D:7)
  A hornet (D:8)
  A wraith (D:9)
  Eustachio (D:4)
  A wyvern (D:7)
  A steam dragon (D:8)
  Edmund (D:4)
  A water moccasin (D:5)
  An acid dragon (D:9)
  2 ice beasts
  A black bear (D:4)
  5 wolves
  3 centaurs
  A phantom (D:5)
  A lemure (D:4)
  A bullfrog (D:8)
  A gnoll sergeant (D:9)
  2 scorpions
  A wyvern zombie (D:8)
  3 killer bees (D:9)
  3 electric eels (D:8)
  5 wights
  3 howler monkeys (D:7)
  2 centaur zombies (D:8)
  6 hounds
  3 jellies
  An orc priest (D:5)
  An iguana (D:4)
  An orc wizard (D:4)
  A killer bee zombie (D:8)
  A hound skeleton (D:4)
  A howler monkey zombie (D:5)
  6 gnolls
  4 adders
  2 shadow imps
  2 white imps
  A worm (D:2)
  A dart slug (D:1)
  12 orcs
  3 ball pythons
  2 bats (D:3)
  5 endoplasms
  5 giant cockroaches
  4 goblins
  6 hobgoblins
  3 jackals (D:2)
  8 kobolds
  3 quokkas
  2 frilled lizards
  2 rats
  A bush (D:8)
133 creatures vanquished.

Vanquished Creatures (collateral kills)
  Harold (D:7)
  Sigmund (D:3)
  A shadow (D:9)
  2 steam dragons
  2 ice beasts (D:7)
  2 necrophages
  A wolf (D:8)
  A bullfrog (D:8)
  A killer bee (D:9)
  An electric eel (D:8)
  3 jellies
  An orc wizard (D:3)
  A killer bee zombie (D:8)
  2 gnolls (D:9)
  A howler monkey skeleton (D:5)
  2 orcs (D:3)
  A ball python (D:3)
  A bat (D:3)
  A goblin (D:3)
  A hobgoblin (D:3)
27 creatures vanquished.

Vanquished Creatures (others)
  2 hexers
  An ancestor (D:2)
3 creatures vanquished.

Grand Total: 163 creatures vanquished

Notes
Turn   | Place    | Note
-------+----------+-------------------------------------------
     0 | D:1      | Ayyar the Troll Warper began the quest for the Orb.
     0 | D:1      | Reached XP level 1. HP: 19/19 MP: 1/1
   109 | D:1      | Reached skill level 1 in Throwing
   119 | D:1      | Reached XP level 2. HP: 28/28 MP: 2/2
   334 | D:2      | Found a faded altar of an unknown god.
   354 | D:2      | Prayed at the altar of an unknown god.
   354 | D:2      | Became a worshipper of Hepliaklqana the Forgotten
   354 | D:2      | Reached * piety under Hepliaklqana
   438 | D:2      | Reached XP level 3. HP: 27/31 MP: 4/4
   713 | D:2      | Reached ** piety under Hepliaklqana
   714 | D:2      | Remembered your ancestor Xochipepe as a hexer
  1347 | D:3      | Reached XP level 4. HP: 37/37 MP: 5/5
  1431 | D:3      | Learned a level 2 spell: Blink
  1511 | D:3      | Reached XP level 5. HP: 44/44 MP: 6/6
  1598 | D:3      | Noticed Sigmund
  1615 | D:3      | Killed Sigmund
  1616 | D:3      | Reached skill level 3 in Unarmed Combat
  1616 | D:3      | Reached XP level 6. HP: 32/53 MP: 7/7
  1824 | D:3      | Reached *** piety under Hepliaklqana
  1866 | D:3      | Found Uchaw's Assorted Antiques.
  2250 | D:4      | Noticed Edmund
  2263 | D:4      | Killed Edmund
  2311 | D:4      | Reached XP level 7. HP: 60/60 MP: 9/9
  2510 | D:4      | Noticed Pikel
  2533 | D:4      | Killed Pikel
  2534 | D:4      | Reached skill level 4 in Unarmed Combat
  2738 | D:4      | Noticed Eustachio
  2746 | D:4      | Killed Eustachio
  2747 | D:4      | Reached XP level 8. HP: 70/70 MP: 10/10
  2759 | D:4      | Found a staircase to the Ecumenical Temple.
  2804 | Temple   | Entered the Ecumenical Temple
  3177 | D:5      | Entered Level 5 of the Dungeon
  3274 | D:5      | Found a radiant altar of Vehumet.
  3736 | D:5      | Reached **** piety under Hepliaklqana
  4226 | D:3      | Bought a scroll labelled NOUCVAGOUL for 18 gold pieces
  4226 | D:3      | Bought a scroll labelled ZAD POMOXKAUMM for 18 gold pieces
  4226 | D:3      | Bought a scroll labelled MAHYKOGREP for 18 gold pieces
  4226 | D:3      | Bought a scroll labelled BYDURA MIOF EWEW for 18 gold
                  | pieces
  4226 | D:3      | Bought a scroll of blinking for 135 gold pieces
  4567 | D:6      | Found a hazy altar of Hepliaklqana.
  4568 | D:6      | Found a shimmering altar of Xom.
  4569 | D:6      | Noticed a spectral ugly thing
  4595 | D:6      | Reached skill level 5 in Unarmed Combat
  4638 | D:6      | Found a sparkling altar of Nemelex Xobeh.
  5206 | D:7      | Reached XP level 9. HP: 75/75 MP: 12/12
  5210 | D:7      | Learned a level 3 spell: Teleport Other
  5214 | D:7      | Learned a level 3 spell: Portal Projectile
  5402 | D:7      | Reached ***** piety under Hepliaklqana
  5430 | D:7      | Reached skill level 1 in Invocations
  5532 | D:7      | Reached skill level 1 in Evocations
  5611 | D:7      | Noticed Prince Ribbit
  5617 | D:7      | Killed Prince Ribbit
  5649 | D:7      | Noticed Harold
  5657 | D:7      | Killed Harold
  5658 | D:7      | Reached skill level 5 in Throwing
  5968 | D:8      | Noticed a troll
  5983 | D:7      | Killed a troll
  5984 | D:7      | Reached skill level 5 in Dodging
  5984 | D:7      | Reached skill level 6 in Unarmed Combat
  5984 | D:7      | Reached XP level 10. HP: 12/84 MP: 14/14
  6036 | D:7      | Reached skill level 5 in Fighting
  6323 | D:8      | Reached skill level 5 in Translocations
  6346 | D:8      | Found a staircase to the Lair.
  6447 | D:8      | Noticed Psyche
  6453 | D:8      | Killed Psyche
  6860 | D:8      | Found a basalt altar of Yredelemnul.
  7222 | D:9      | Slain by a killer bee

Illustrated notes

Levels and vault maps discovered:
D:1:      ncdulo_smallfort, layout_rooms
D:2:      layout_basic, nicolae_ecumenical_pavilion, palyth_stone_intersect,
          eino_tiny_chamber, kennysheep_decorative_pillar
D:3:      layout_loops_corners, serial_shops, shop, uniq_sigmund
D:4:      layout_gridville, minmay_temple_entry_wispy, uniq_pikel,
          uniq_eustachio, uniq_edmund
D:5:      lemuel_ice_spiral_2, layout_basic, nicolae_overflow_hidden_temple,
          amcnicky_altar_gilded
D:6:      layout_gridville, regret_index_temple_of_mockery, old_standard_altar
D:7:      layout_gridville, uniq_prince_ribbit1, uniq_harold
D:8:      layout_rooms, lemuel_zombie_altar_yredelemnul, erik_lair_island,
          kb_lookout_dungeons_type, uniq_psyche
D:9:      layout_cave_pools
Temple:   regret_index_temple_waves

Skill      XL: |  1  2  3  4  5  6  7  8  9 10 |
---------------+-------------------------------+-----
Throwing       | 1 2 3 4 5 |  5.7
Dodging        | 2 3 4 5 |  5.5
Fighting       | 2 3 4 5 |  5.5
Unarmed Combat | 3 4 5 6 |  6.7
Translocations | 3 4 5 |  5.3
Spellcasting   | 2 3 4 |  4.0
Invocations    | 2 4 |  4.0
Evocations     | 1 2 |  2.0

Action                   |  1- 3 |  4- 6 |  7- 9 | 10-12 || total
-------------------------+-------+-------+-------+-------++-------
Melee: Unarmed           |    89 |    56 |   168 |   155 ||   468
       Punch             |       |     1 |     7 |     7 ||    15
Throw: Dart              |     7 |    33 |    25 |    24 ||    89
       Boomerang         |       |       |     1 |       ||     1
Invok: Ancestor Life: He |     1 |       |       |       ||     1
  Use: Potion            |       |       |       |     3 ||     3
 Stab: Confused          |       |     4 |     2 |     1 ||     7
       Sleeping          |       |     1 |       |       ||     1
       Distracted        |       |       |     3 |     1 ||     4
Armor: Robe              |    31 |    18 |    44 |    30 ||   123
       Acid dragon scale |       |       |       |    17 ||    17
Dodge: Dodged            |    49 |    29 |    62 |   103 ||   243

Table legend: (Time is in decaauts)
 A = Elapsed time spent in this place.
 B = Non-inter-level travel time spent in this place.
 C = Inter-level travel time spent in this place.
 D = Time resting spent in this place.
 E = Time spent auto-exploring this place.
 F = Levels seen in this place.
 G = Mean time per level.
                   A        B        C        D        E       F      G
               +--------+--------+--------+--------+--------+-----+--------+
         Total |   7176 |   6710 |    466 |    293 |   5050 |  10 |  717.6 |
       Dungeon |   7174 |   6708 |    466 |    293 |   5050 |   9 |  797.1 |
        Temple |      1 |      1 |      0 |      0 |      0 |   1 |    1.0 |
               +--------+--------+--------+--------+--------+-----+--------+

Top non-repeatable levels by time:
     D:5: 1044 daAuts
     D:3: 1012 daAuts
     D:7: 1006 daAuts
     D:2: 991 daAuts
     D:4: 986 daAuts
     D:6: 760 daAuts
     D:8: 738 daAuts
     D:1: 377 daAuts
     D:9: 256 daAuts
  Temple: 1 daAuts
